AoeStats
← nanakusa

Hill Fort

506610005Analyzed
4v4 RM · 19d ago on Sep 14, 2026· 43m 44s· 8 players
Game mode
Random Map
Map size
Large (8 player)
Population
200
Speed
Normal
Resources
Standard
Victory
Conquest
Starting age
Dark Age
Ending age
Imperial Age
RankedLock teamsTeams togetherTeam positionsShared explorationLock speedFull tech treeHidden civsTurbo modeCheats
Victory
Defeat
🇩🇪 Khmer · Germany
1656
+9
🇯🇵 Hindustanis · Japan
1554
+12
🇺🇸 Burgundians · United States
1513
+14
🇨🇱 Sicilians · Chile
1438
+17
🇦🇺 Shu · Australia
1548
-16
🇦🇺 Mongols · Australia
1517
-15
🇦🇺 Inca · Australia
1499
-14
🇬🇧 Dravidians · United Kingdom
1316
-7
deev
3:11 Double-Bit Axe
11:18 Feudal Age
15:10 Castle Age
13:27 Horse Collar
14:36 Bow Saw
16:39 Heavy Plow
19:04 Wheelbarrow
18:45 Loom
21:19 Hand Cart
22:56 Stone Mining
24:22 Town Watch
29:18 Imperial Age
26:56 Caravan
27:52 Padded Archer Armor
28:51 Scale Barding Armor
28:49 Husbandry
29:01 Elite Skirmisher
29:32 Fletching
29:57 Leather Archer Armor
31:08 Chemistry
30:55 Conscription
31:25 Bodkin Arrow
32:37 Fortified Wall
33:20 Bracer
33:42 Ballistics
35:25 Chain Barding Armor
37:11 Plate Barding Armor
36:47 Forging
39:58 Iron Casting
40:15 Masonry
40:42 Elite Coustillier
41:29 Burgundian Vineyards
42:08 Hoardings
nanakusa
12:22 Feudal Age
13:41 Wheelbarrow
12:55 Double-Bit Axe
13:23 Horse Collar
16:26 Castle Age
15:48 Gold Mining
17:07 Heavy Plow
17:20 Bow Saw
19:22 Loom
21:37 Stone Mining
25:33 Caravan
25:55 Gold Mining
31:06 Imperial Age
29:25 Bloodlines
29:51 Forging
30:41 Scale Barding Armor
31:30 Hand Cart
31:52 Iron Casting
31:39 Husbandry
31:22 Heavy Camel Rider
33:15 Imperial Camel Rider
35:21 Chain Barding Armor
36:28 Blast Furnace
36:47 Chemistry
37:37 Plate Barding Armor
39:40 Padded Archer Armor
40:20 Coinage
39:27 Siege Elephant
41:28 Leather Archer Armor
42:25 Conscription
42:11 Shatagni
41:48 Light Cavalry
b4ron1
10:58 Feudal Age
11:28 Loom
14:11 Castle Age
12:55 Double-Bit Axe
13:08 Horse Collar
21:36 Heavy Plow
22:34 Wheelbarrow
22:56 Gold Mining
23:15 Town Watch
24:54 Stone Mining
29:41 Imperial Age
27:38 Hand Cart
29:16 Gold Shaft Mining
29:26 Stone Shaft Mining
28:53 Fletching
29:03 Padded Archer Armor
29:14 Scale Barding Armor
30:30 Ballistics
30:23 Bodkin Arrow
31:59 Conscription
31:42 Double Crossbow
32:12 Bow Saw
32:00 Elite Ballista Elephant
34:02 Bracer
35:30 Chemistry
35:02 Chain Barding Armor
37:54 Plate Barding Armor
37:30 Forging
37:46 Bloodlines
37:37 Husbandry
39:54 Siege Engineers
40:00 Masonry
40:28 Iron Casting
42:20 Coinage
42:35 Crop Rotation
43:15 Caravan
43:46 Banking
Hennessy
11:23 Feudal Age
12:56 Loom
16:22 Castle Age
14:23 Double-Bit Axe
15:31 Horse Collar
20:41 Town Watch
22:49 Wheelbarrow
24:39 Bow Saw
25:44 Hand Cart
26:10 Town Patrol
28:49 Gold Mining
28:49 Stone Mining
29:00 Heavy Plow
34:03 Imperial Age
31:51 Forging
31:47 Scale Barding Armor
32:29 Gold Shaft Mining
32:29 Stone Shaft Mining
32:50 Husbandry
33:01 Bloodlines
33:27 Iron Casting
33:54 Chain Barding Armor
34:15 Cavalier
35:58 Blast Furnace
35:20 Conscription
36:08 Conscription
36:30 Crop Rotation
36:37 Plate Barding Armor
37:15 Pikeman
37:55 Squires
37:57 Scale Mail Armor
37:59 Light Cavalry
39:31 Chain Mail Armor
39:47 Caravan
42:10 Fletching
Lloydy_23
10:41 Feudal Age
10:58 Loom
11:42 Double-Bit Axe
14:36 Castle Age
12:25 Horse Collar
12:40 Double-Bit Axe
13:09 Horse Collar
17:01 Bow Saw
19:22 Heavy Plow
23:05 Wheelbarrow
23:11 Fletching
24:36 Hand Cart
25:26 Bodkin Arrow
25:50 Crossbowman
30:54 Imperial Age
28:59 Thumb Ring
28:46 Gold Mining
29:51 Ballistics
29:32 Padded Archer Armor
30:54 Gold Shaft Mining
31:02 Leather Archer Armor
31:24 Stone Mining
31:02 Arbalester
31:43 Bracer
32:49 Chemistry
32:24 Town Watch
34:21 Conscription
34:06 Bolt Magazine
34:57 Ring Archer Armor
34:28 Scale Mail Armor
34:38 Forging
35:51 Pikeman
36:31 Squires
36:17 Gambesons
36:23 Halberdier
38:05 Chain Mail Armor
40:13 Two-Man Saw
42:03 Plate Mail Armor
Stev
10:12 Feudal Age
8:28 Loom
14:30 Castle Age
13:01 Double-Bit Axe
13:42 Horse Collar
18:00 Bow Saw
21:23 Stone Mining
23:44 Wheelbarrow
23:14 Gold Mining
23:36 Heavy Plow
24:34 Fletching
25:45 Town Watch
30:14 Imperial Age
27:55 Padded Archer Armor
29:20 Gold Shaft Mining
28:58 Bodkin Arrow
30:20 Leather Archer Armor
30:52 Ballistics
31:23 Masonry
31:18 Elite Mangudai
32:08 Bracer
32:20 Husbandry
33:33 Conscription
33:54 Hoardings
34:34 Chemistry
34:31 Siege Engineers
34:59 Bloodlines
35:51 Hand Cart
35:06 Onager
36:41 Stone Shaft Mining
36:24 Onager
37:18 Scale Barding Armor
37:23 Forging
37:15 Cavalier
37:20 Light Cavalry
38:22 Chain Barding Armor
39:11 Siege Onager
39:34 Hussar
40:56 Iron Casting
morbsss
8:47 Loom
12:21 Feudal Age
18:08 Castle Age
16:16 Horse Collar
16:30 Double-Bit Axe
19:22 Fletching
20:07 Bow Saw
20:27 Padded Archer Armor
22:49 Wheelbarrow
23:02 Wheelbarrow
23:23 Bodkin Arrow
25:13 Gold Mining
27:18 Thumb Ring
29:36 Town Watch
36:48 Imperial Age
35:09 Ballistics
36:49 Siege Elephant
36:54 Elite Elephant Archer
38:06 Pikeman
39:11 Elite Skirmisher
40:06 Squires
40:51 Halberdier
42:40 Chemistry
Aido
9:04 Loom
10:51 Feudal Age
16:04 Castle Age
13:55 Double-Bit Axe
13:58 Horse Collar
14:25 Gold Mining
15:25 Scale Mail Armor
15:52 Forging
15:58 Champi Runner
17:31 Bow Saw
17:59 Heavy Plow
18:05 Town Watch
19:49 Gold Shaft Mining
20:27 Squires
21:03 Champi Warrior
23:30 Wheelbarrow
26:31 Stone Mining
27:58 Chain Mail Armor
29:27 Iron Casting
30:11 Arson
30:45 Hand Cart
30:52 Fletching
32:01 Ballistics
31:55 Masonry
32:41 Stone Shaft Mining
33:51 Pikeman
35:42 Bodkin Arrow
35:47 Padded Archer Armor
36:01 Elite Skirmisher
39:24 Thumb Ring
41:52 Imperial Age
39:41 Leather Archer Armor
41:56 Halberdier
43:39 Blast Furnace
43:10 Plate Mail Armor
Connection lost

Rejoining the realm…

Still unreachable

The connection could not be restored.

Session expired

The server has moved on; the page needs a fresh start.